 Dungeon Crawl Stone Soup version 0.25.1-2-g60ff931df9 (webtiles) character file.

Game seed: 12149682686507329901

767 gruber the Shield-Bearer (level 7, -2/37 HPs)
             Began as a Vine Stalker Fighter on Aug 16, 2020.
             Slain by a gnoll
             ... wielding a +0 whip
              (7 damage)
             ... on level 5 of the Dungeon.
             The game lasted 00:05:12 (4661 turns).

gruber the Shield-Bearer (Vine Stalker Fighter)     Turns: 4661, Time: 00:05:12

Health: -2/37      AC:  5    Str: 21    XL:     7   Next: 82%
Magic:  0/8        EV:  8    Int:  8    God:
Gold:   207        SH: 11    Dex: 13    Spells: 6/6 levels left

rFire    . . .     SeeInvis .   u - +1 falchion (vamp)
rCold    . . .     Gourm    .   c - +0 kite shield
rNeg     . . .     Faith    .   t - +0 ring mail {rPois}
rPois    +         Spirit   +   (no helmet)
rElec    .         Reflect  .   (no cloak)
rCorr    .         Harm     .   (no gloves)
MR       .....                  (no boots)
Stlth    +.........             (no amulet)
HPRegen  0.52/turn              (no ring)
MPRegen  0.11/turn              (no ring)

@: mighty
A: fangs 2, regeneration 1, magic shield, antimagic bite, no potion heal 3, rot
immunity
a: no special abilities


You were on level 5 of the Dungeon.
You were not hungry.

You visited 1 branch of the dungeon, and saw 5 of its levels.
You also visited: Sewer.

You collected 207 gold pieces.

Inventory:

Hand Weapons
 s - a +1 short sword of venom
 u - a +1 vampiric falchion (weapon)
Armour
 c - a +0 kite shield (worn)
 t - a +0 ring mail of poison resistance (worn)
Scrolls
 a - a scroll of amnesia {unknown}
 g - 2 scrolls of teleportation {unknown}
 h - 4 scrolls of identify {unknown}
 m - a scroll of immolation {unknown}
 n - a scroll of blinking {unknown}
 o - a scroll of remove curse {unknown}
 r - 2 scrolls of fear {unknown}
Potions
 b - 2 potions of heal wounds {unknown}
 i - 3 potions of curing {unknown}
 j - 2 potions of flight {unknown}
 k - a potion of brilliance {unknown}
 p - 2 potions of degeneration {unknown}
 q - 2 potions of mutation {unknown}
 w - a potion of resistance {unknown}
Miscellaneous
 l - a tin of tremorstones (3/3)
Comestibles
 f - 11 rations


   Skills:
 - Level 4.2 Fighting
 * Level 3.0 Long Blades
 - Level 2.4 Armour
 - Level 7.0 Shields


You had 6 spell levels left.
You didn't know any spells.
Your spell library was empty.

Dungeon Overview and Level Annotations

Branches:
Dungeon (5/15)              Sewer (visited)
 Temple: D:4-7

Altars:
Cheibriados
Uskayaw
Vehumet
Xom


Innate Abilities, Weirdness & Mutations

You have extremely sharp teeth.
Your natural rate of healing is unusually fast.
When hurt, damage is shared between your health and your magic reserves.
Your bite disrupts and absorbs the magic of your enemies.
Potions cannot restore your health.
You are immune to rotting.


Message History

There is an open door here.
Found a short sword.
Found a forked lead wand.
Evoke which item? (* to show all) (? for menu, Esc to quit)
That's the wrong kind of item! (Use * to select it.) Evoke which item? (* to show all) (? for menu, Esc to quit)
That's the wrong kind of item! (Use * to select it.) Evoke which item? (* to show all) (? for menu, Esc to quit)
Okay, then.
Unknown command.
You feel very mighty all of a sudden.
The gnoll sergeant hits you from afar with a +3 trident of protection!
* * * LOW HITPOINT WARNING * * *
The gnoll sergeant hits you with a +3 trident of protection!
* * * LOW HITPOINT WARNING * * *
Your shield and ring mail prevent you from hitting the gnoll sergeant.
You bite the gnoll sergeant, but do no damage.
The gnoll sergeant is heavily wounded.
The gnoll hits you with a +0 whip!
You die...

#.....#......g....#
#.....#
#.....#...........#
#.....#
#.....#...........#
#.....#
##...###..######..#
#..##.# ##### #..
####..## ##..##'#
..). #......#
#...#>.. ..
#...../# #...#...
##gg...# #...#...
##@....# #...+...
#......# #...#...
#......# ##..#...
######## #...#..
#...### ###.# ###


You could see a gnoll sergeant and a gnoll.

Vanquished Creatures
  An ogre (D:4)
  2 bullfrogs (Sewer)
  A howler monkey (D:4)
  A crimson imp (D:5)
  A bullfrog zombie (D:5)
  2 orc priests (D:4)
  A hound (D:3)
  An orc wizard (D:4)
  2 worker ants (D:4)
  A hound skeleton (D:3)
  11 adders
  2 gnolls (D:5)
  A river rat (D:3)
  An ooze (D:1)
  An adder skeleton (D:4)
  5 worms
  3 dart slugs (D:1)
  4 leopard geckos
  20 orcs
  4 ball pythons
  13 giant cockroaches
  4 goblins
  6 hobgoblins
  4 jackals (D:4)
  2 quokkas
  6 bats
  8 frilled lizards
  5 kobolds
  A quokka skeleton (D:5)
  A quokka zombie (D:5)
  5 rats
120 creatures vanquished.

Notes
Turn   | Place    | Note
-------+----------+-------------------------------------------
     0 | D:1      | gruber the Vine Stalker Fighter began the quest for the
                  | Orb.
     0 | D:1      | Reached XP level 1. HP: 11/11 MP: 2/2
   216 | D:1      | Reached XP level 2. HP: 16/16 MP: 3/3
   220 | D:1      | Reached skill level 3 in Shields
   335 | D:1      | Reached XP level 3. HP: 19/19 MP: 4/4
  1043 | D:2      | Reached skill level 4 in Shields
  1326 | D:2      | Gained mutation: Your natural rate of healing is unusually
                  | fast. [Vine Stalker growth]
  1326 | D:2      | Reached XP level 4. HP: 12/23 MP: 2/5
  1758 | D:3      | Found a glowing drain.
  1876 | Sewer    | Entered a sewer
  2016 | Sewer    | Reached XP level 5. HP: 24/27 MP: 6/6
  2057 | Sewer    | Reached skill level 5 in Shields
  2146 | Sewer    | Reached skill level 6 in Shields
  2146 | Sewer    | Reached XP level 6. HP: 14/32 MP: 5/7
  3565 | D:4      | Reached XP level 7. HP: 35/35 MP: 8/8
  3571 | D:4      | Reached skill level 7 in Shields
  3916 | D:4      | Found a hide-covered altar of Uskayaw.
  3996 | D:4      | Found a snail-covered altar of Cheibriados.
  3996 | D:4      | Found a shimmering altar of Xom.
  4230 | D:5      | Entered Level 5 of the Dungeon
  4360 | D:5      | Found a radiant altar of Vehumet.
  4661 | D:5      | Slain by a gnoll

Illustrated notes

Levels and vault maps discovered:
D:1:      dpeg_arrival_simpleton_a, layout_basic, minmay_curled_crystal
D:2:      layout_loops_cross
D:3:      minmay_chambers_of_twos, layout_loops_cross, portal_sewer_entry_c,
          first_ration, chequers_serial_rivers_micro_e
D:4:      layout_loops_ring, eat_drink_and_be_merry_uskayaw,
          gammafunk_temple_overflow_pools, kennysheep_generic_room_3
D:5:      layout_gridville, lemuel_altar_in_water2

Skill      XL: |  1  2  3  4  5  6  7 |
---------------+----------------------+-----
Long Blades    | 2 3 |  3.0
Shields        | 3 4 6 7 |  7.0
Fighting       | 4 |  4.2
Armour         | |  2.4

Action                   |  1- 3 |  4- 6 |  7- 9 || total
-------------------------+-------+-------+-------++-------
Melee: Long sword        |    56 |       |       ||    56
       Bite              |    29 |    81 |    35 ||   145
       Short sword       |    52 |   275 |    65 ||   392
       Falchion          |       |       |    34 ||    34
  Use: Potion            |       |       |     1 ||     1
  Eat: Chunk             |     1 |     9 |     3 ||    13
Armor: Scale mail        |    48 |    68 |     3 ||   119
       Ring mail         |       |       |    11 ||    11
Dodge: Dodged            |    33 |    64 |    26 ||   123
Block: Kite shield       |    51 |   112 |    59 ||   222
       Rpst.: Long sword |     7 |       |       ||     7
       Falchion          |       |       |     4 ||     4
